 Dungeon Sprint DCSS version 0.17-a0-1718-g72dbe4d (webtiles) character file.

19900000 ztt the Axe Maniac (level 27, -37/273 HPs)
             Began as a Ghoul Gladiator on Aug 25, 2015.
             Was the Champion of Makhleb.
             Annihilated by a fleshlord
             ... wielding a +9 great mace
              (302 damage)
             ... in the Dungeon (Sprint VIII: "Arena of Blood").
             The game lasted 00:04:08 (199 turns).

ztt the Axe Maniac (Ghoul Gladiator)                 Turns: 199, Time: 00:04:08

Health: -37/273    AC:  8    Str: 32    XL:     27
Magic:  53/53      EV: 23    Int:  3    God:    Makhleb [******]
Gold:   0          SH:  0    Dex:  9    Spells: 0 memorised, 80 levels left

rFire  . . .     SeeInvis +     l - +∞ Axe of Woe
rCold  + . .     Clarity  .     b - +0 leather armour
rNeg   + + +     SustAt   .     (no shield)
rPois  ∞         Gourm    .     c - +0 helmet
rElec  .         Spirit   .     (no cloak)
rCorr  .         Warding  .     (no gloves)
rMut   .         NoTele   +     (no boots)
MR     ++...                    (no amulet)
Stlth  +++++++++.               (no ring)
                                m - ring of see invisible

@: rotting, slowed, very slow, very resistant to hostile enchantments,
incredibly stealthy
A: rotting body, claws 1, carnivore 3, cold resistance 1, negative energy
resistance 3, slow healing 1, torment resistance, unbreathing
a: Minor Destruction, Lesser Servant of Makhleb, Major Destruction, Greater
Servant of Makhleb, Renounce Religion


You were in the Dungeon.
You worshipped Makhleb.
Makhleb was exalted by your worship.
You were not hungry.

You visited 1 branch

Inventory:

Hand weapons
 a - a +0 war axe
 l - the +∞ Axe of Woe (weapon)
   (You found it in the Dungeon)
Missiles
 d - 3 throwing nets (quivered)
Armour
 b - a +0 leather armour (worn)
 c - a +0 helmet (worn)
Jewellery
 m - a ring of see invisible (left claw)
Scrolls
 k - a scroll of blinking
Potions
 f - a potion of curing
 g - a potion of heal wounds
 h - a potion of haste
 i - 2 potions of magic
 j - a potion of berserk rage
Comestibles
 e - a meat ration


   Skills:
 O Level 27 Fighting
 O Level 27 Axes
 O Level 27 Throwing
 O Level 27 Armour
 O Level 27 Dodging
 O Level 27 Stealth
 O Level 27 Unarmed Combat
 O Level 27 Spellcasting
 O Level 27 Invocations


You had 80 spell levels left.
You didn't know any spells.

Dungeon Overview and Level Annotations

Branches:
Dungeon (1/1)

Altars:
Makhleb


Innate Abilities, Weirdness & Mutations

Your body is rotting away.
You thrive on raw meat.
You are immune to poison.
You have sharp fingernails.
You are carnivorous and can eat meat at any time.
Your flesh is cold resistant.
You are immune to negative energy.
You heal slowly when monsters are visible.
You are immune to unholy pain and torment.
You can survive without breathing.


Message History

Makhleb accepts your kill.
You feel better.
You slice the bag of meat!!
You hew the bag of meat savagely.
You kill the bag of meat!
Makhleb accepts your kill.
You slash the large abomination!
You hew the large abomination savagely.
You destroy the large abomination!
The large abomination disappears in a puff of smoke! x5
The tentacled monstrosity disappears in a puff of smoke!
You hear a shout! x4
The tyrant gestures wildly while chanting.
The tyrant seems to speed up.
The destroyer blinks!
You hear a shout!
The fleshlord casts a spell at you.
The observer easily resists.
You hear a shout! x2
The observer bites you!
You hear a shout! x3
The fleshlord hits you with a +9 great mace!!!!!!
Ouch! That really hurt!
You die...

.....# _.<._# .. ....
.......=
)....#......#.#.#........#
)._.................X....#
)###§....§...#.#.#..#....#
))....###.....o.§.L#.....#
).....# .....V§oO.XX#....#
......#......§§†pX.#.....#
)............§o.@))).....#
).........#...#.G)).)##..#
)).......#....#.))))##.W.#
.).....##.....#.)).)#....#
))....#......#)).)##.....#
.)....#...###.)))#)......#
))).........)p.#.........#
.))))))...............####
#)))))####.........####


You could see 2 tentacled monstrosities, a tyrant, a destroyer, an observer
(invisible), 2 fleshlords, 2 large abominations, a meat berserker (berserk) and
3 bags of meat.

Vanquished Creatures
  10 hell knights (D)
  10 hell beasts (D)
  9 greater mummies (D)
  6 great orbs of eyes (D)
  10 wraiths (D)
  Harold (D)
  21 vampire knights (D)
  37 ogres (D)
  5 liches (D)
  7 hydras (D)
  71 orcs (D)
  5 phantoms (D)
  6 hill giants (D)
  3 skeletal warriors (D)
  11 sea snakes (D)
  5 large abominations (D)
  3 small abominations (D)
  6 crawling corpses (D)
226 creatures vanquished.

Vanquished Creatures (others)
  3 crawling corpses (D)
3 creatures vanquished.

Grand Total: 229 creatures vanquished

Notes
Turn   | Place    | Note
--------------------------------------------------------------
     0 | D        | ztt the Ghoul Gladiator began the quest for the Orb.
     0 | D        | Reached XP level 1. HP: 17/17 MP: 0/0
     3 | D        | Noticed a bag of meat
     4 | D        | Became a worshipper of Makhleb the Destroyer
     5 | D        | Noticed a meat berserker
     7 | D        | Noticed a bag of meat
     9 | D        | Noticed a bag of meat
     9 | D        | Killed a meat berserker
     9 | D        | Reached skill level 12 in Fighting
     9 | D        | Reached skill level 19 in Axes
     9 | D        | Reached skill level 10 in Throwing
     9 | D        | Reached XP level 2. HP: 20/42 MP: 1/1
     9 | D        | Reached XP level 3. HP: 23/49 MP: 2/2
     9 | D        | Reached XP level 4. HP: 26/57 MP: 3/3
     9 | D        | Reached XP level 5. HP: 28/63 MP: 4/4
     9 | D        | Reached XP level 6. HP: 31/71 MP: 5/5
     9 | D        | Reached XP level 7. HP: 34/78 MP: 6/6
     9 | D        | Reached XP level 8. HP: 37/85 MP: 7/7
     9 | D        | Reached XP level 9. HP: 40/92 MP: 8/8
     9 | D        | Reached XP level 10. HP: 43/100 MP: 9/9
     9 | D        | Reached XP level 11. HP: 45/105 MP: 10/10
     9 | D        | Reached XP level 12. HP: 48/113 MP: 11/11
     9 | D        | Reached XP level 13. HP: 50/119 MP: 12/12
    11 | D        | Noticed a bag of meat
    11 | D        | Noticed a bag of meat
    11 | D        | Noticed a bag of meat
    12 | D        | Noticed a bag of meat
    12 | D        | Noticed a bag of meat
    13 | D        | Noticed a bag of meat
    13 | D        | Noticed a meat berserker
    13 | D        | Noticed a bag of meat
    14 | D        | Noticed a meat berserker
    14 | D        | Killed a bag of meat
    14 | D        | Acquired Makhleb's first power
    14 | D        | Reached skill level 20 in Axes
    14 | D        | Reached XP level 14. HP: 104/130 MP: 13/13
    14 | D        | Killed a bag of meat
    14 | D        | Reached skill level 21 in Axes
    15 | D        | Noticed a meat berserker
    15 | D        | Killed a bag of meat
    15 | D        | Acquired Makhleb's second power
    15 | D        | Reached skill level 15 in Fighting
    15 | D        | Reached skill level 23 in Axes
    15 | D        | Reached XP level 15. HP: 108/141 MP: 14/14
    15 | D        | Killed a bag of meat
    15 | D        | Reached skill level 24 in Axes
    16 | D        | Noticed a bag of meat
    16 | D        | Noticed a bag of meat
    16 | D        | Killed a bag of meat
    16 | D        | Acquired Makhleb's third power
    16 | D        | Reached skill level 25 in Axes
    16 | D        | Reached XP level 16. HP: 150/152 MP: 15/15
    16 | D        | Killed a bag of meat
    16 | D        | Noticed a bag of meat
    17 | D        | Noticed a bag of meat
    17 | D        | Noticed a bag of meat
    18 | D        | Noticed a bag of meat
    18 | D        | Killed a bag of meat
    18 | D        | Reached skill level 26 in Axes
    19 | D        | Killed a meat berserker
    19 | D        | Acquired Makhleb's fourth power
    19 | D        | Reached skill level 27 in Axes
    19 | D        | Reached skill level 27 in Dodging
    19 | D        | Reached XP level 17. HP: 161/176 MP: 16/16
    19 | D        | Killed a bag of meat
    19 | D        | Killed a meat berserker
    19 | D        | Reached skill level 27 in Fighting
    19 | D        | Reached XP level 18. HP: 190/200 MP: 17/17
    21 | D        | Noticed a bag of meat
    21 | D        | Noticed a meat berserker
    21 | D        | Noticed a meat berserker
    21 | D        | Noticed a bag of meat
    22 | D        | Noticed a bag of meat
    22 | D        | Noticed a large bag of meat
    22 | D        | Noticed a large bag of meat
    22 | D        | Noticed a meat berserker
    22 | D        | Killed a meat berserker
    22 | D        | Acquired Makhleb's fifth power
    23 | D        | Noticed a bag of meat
    23 | D        | Noticed a bag of meat
    23 | D        | Noticed a bag of meat
    23 | D        | Noticed a bag of meat
    23 | D        | Noticed a bag of meat
    23 | D        | Noticed a destroyer
    24 | D        | Noticed a bag of meat
    25 | D        | Noticed a bag of meat
    25 | D        | Noticed a bag of meat
    25 | D        | Noticed a bag of meat
    25 | D        | Noticed a bag of meat
    25 | D        | Noticed a bag of meat
    25 | D        | Killed a bag of meat
    25 | D        | Reached skill level 27 in Throwing
    25 | D        | Reached XP level 19. HP: 203/207 MP: 18/18
    25 | D        | Killed a bag of meat
    25 | D        | Killed a bag of meat
    25 | D        | Killed a bag of meat
    25 | D        | Killed a bag of meat
    25 | D        | Killed a destroyer
    25 | D        | Reached skill level 27 in Armour
    25 | D        | Reached XP level 20. HP: 216/216 MP: 19/19
    25 | D        | Killed a meat berserker
    25 | D        | Killed a meat berserker
    25 | D        | Reached skill level 15 in Unarmed Combat
    25 | D        | Reached skill level 15 in Invocations
    25 | D        | Reached XP level 21. HP: 224/224 MP: 19/36
    27 | D        | Killed a large bag of meat
    27 | D        | Killed a bag of meat
    27 | D        | Killed a bag of meat
    27 | D        | Reached skill level 15 in Spellcasting
    27 | D        | Killed a meat berserker
    27 | D        | Reached XP level 22. HP: 233/233 MP: 19/42
    28 | D        | Noticed a destroyer
    28 | D        | Noticed a bag of meat
    28 | D        | Noticed a large bag of meat
    28 | D        | Noticed a meat berserker
    29 | D        | Noticed a bag of meat
    29 | D        | Killed a bag of meat
    29 | D        | Killed a bag of meat
    29 | D        | Killed a bag of meat
    29 | D        | Killed a large bag of meat
    30 | D        | Noticed a meat berserker
    30 | D        | Noticed a destroyer
    30 | D        | Noticed a destroyer
    31 | D        | Noticed a destroyer
    31 | D        | Noticed a bag of meat
    31 | D        | Noticed a destroyer
    32 | D        | Killed a bag of meat
    32 | D        | Reached skill level 27 in Stealth
    32 | D        | Killed a bag of meat
    32 | D        | Reached XP level 23. HP: 240/240 MP: 20/47
    32 | D        | Killed a bag of meat
    32 | D        | Reached skill level 27 in Unarmed Combat
    32 | D        | Reached skill level 27 in Invocations
    32 | D        | Killed a bag of meat
    32 | D        | Killed a bag of meat
    33 | D        | Killed a bag of meat
    33 | D        | Reached skill level 27 in Spellcasting
    33 | D        | Killed a bag of meat
    33 | D        | Killed a bag of meat
    33 | D        | Killed a destroyer
    33 | D        | Reached XP level 24. HP: 249/249 MP: 20/53
    34 | D        | Killed a bag of meat
    34 | D        | Killed a large bag of meat
    34 | D        | Killed a meat berserker
    35 | D        | Noticed a bag of meat
    35 | D        | Killed a bag of meat
    35 | D        | Killed a bag of meat
    35 | D        | Reached XP level 25. HP: 257/257 MP: 21/53
    36 | D        | Killed a destroyer
    36 | D        | Killed a bag of meat
    36 | D        | Killed a bag of meat
    37 | D        | Noticed a destroyer
    37 | D        | Killed a meat berserker
    38 | D        | Killed a destroyer
    38 | D        | Reached XP level 26. HP: 266/266 MP: 22/53
    38 | D        | Killed a bag of meat
    39 | D        | Killed a bag of meat
    40 | D        | Noticed a destroyer
    40 | D        | Noticed a destroyer
    41 | D        | Killed a destroyer
    41 | D        | Killed a destroyer
    41 | D        | Reached XP level 27. HP: 273/273 MP: 22/53
    42 | D        | Killed a destroyer
    43 | D        | Noticed a meat berserker
    44 | D        | Killed a destroyer
    45 | D        | Killed a destroyer
    46 | D        | Noticed a large bag of meat
    48 | D        | Killed a bag of meat
    48 | D        | Killed a meat berserker
    49 | D        | Noticed a destroyer
    50 | D        | Noticed a tyrant
    51 | D        | Killed a tyrant
    53 | D        | Noticed a meat berserker
    53 | D        | Noticed an accursed
    55 | D        | Killed a large bag of meat
    56 | D        | Noticed a meat berserker
    56 | D        | Noticed a tyrant
    57 | D        | Noticed an accursed
    57 | D        | Noticed an accursed
    57 | D        | Killed a meat berserker
    58 | D        | Noticed a meat berserker
    58 | D        | Noticed a meat berserker
    58 | D        | Killed an accursed
    61 | D        | Noticed a bag of meat
    61 | D        | Noticed an accursed
    61 | D        | Killed a destroyer
    61 | D        | Killed an accursed
    62 | D        | Killed a meat berserker
    63 | D        | Killed a meat berserker
    63 | D        | Killed a meat berserker
    64 | D        | Noticed a sculptor of flesh
    65 | D        | Killed a tyrant
    66 | D        | Noticed a destroyer
    67 | D        | Killed a bag of meat
    67 | D        | Killed an accursed
    70 | D        | Noticed a dread
    70 | D        | Killed a sculptor of flesh
    70 | D        | Killed a destroyer
    70 | D        | Noticed a bag of meat
    72 | D        | Noticed a meat beast
    72 | D        | Noticed an accursed
    74 | D        | Noticed a bag of meat
    74 | D        | Noticed an accursed
    74 | D        | Noticed a meat berserker
    75 | D        | Killed a dread
    76 | D        | Noticed an accursed
    76 | D        | Noticed a bag of meat
    76 | D        | Noticed a meat berserker
    76 | D        | Killed a meat beast
    77 | D        | Noticed a bag of meat
    78 | D        | Noticed a meat berserker
    79 | D        | Noticed a sculptor of flesh
    81 | D        | Noticed a destroyer
    81 | D        | Noticed a meat berserker
    81 | D        | Noticed a bag of meat
    81 | D        | Noticed a bag of meat
    81 | D        | Noticed a bag of meat
    81 | D        | Noticed a large bag of meat
    81 | D        | Noticed a bag of meat
    81 | D        | Noticed The Servant
    81 | D        | Noticed a bag of meat
    81 | D        | Noticed a bag of meat
    82 | D        | Killed a meat berserker
    82 | D        | Killed a meat berserker
    83 | D        | Noticed a bag of meat
    84 | D        | Killed a meat berserker
    85 | D        | Noticed a wretched soul
    85 | D        | Killed a bag of meat
    86 | D        | Noticed a meat beast
    87 | D        | Killed a bag of meat
    88 | D        | Killed a bag of meat
    89 | D        | Killed a bag of meat
    90 | D        | Killed a large bag of meat
    91 | D        | Killed a bag of meat
    91 | D        | Killed a bag of meat
    92 | D        | Killed a bag of meat
    92 | D        | Killed a meat beast
    94 | D        | Killed a sculptor of flesh
    95 | D        | Killed a meat berserker
    96 | D        | Killed a wretched soul
    98 | D        | Killed a destroyer
    99 | D        | Killed an accursed
   100 | D        | Killed an accursed
   101 | D        | Noticed an observer
   101 | D        | Noticed a destroyer
   101 | D        | Noticed a tyrant
   101 | D        | Noticed a wretched soul
   102 | D        | Noticed an accursed
   102 | D        | Killed The Servant
   102 | D        | Killed an accursed
   102 | D        | Killed a bag of meat
   103 | D        | Killed a bag of meat
   103 | D        | Killed a bag of meat
   105 | D        | Killed an accursed
   105 | D        | Killed an accursed
   105 | D        | Killed a destroyer
   106 | D        | Noticed a meat berserker
   106 | D        | Killed a wretched soul
   107 | D        | Killed a tyrant
   108 | D        | Killed an observer
   108 | D        | Killed a bag of meat
   112 | D        | Killed a meat berserker
   116 | D        | Noticed a meat berserker
   120 | D        | Killed a meat berserker
   123 | D        | Noticed a meat berserker
   124 | D        | Noticed a sculptor of flesh
   125 | D        | Noticed a bag of meat
   125 | D        | Noticed a meat berserker
   126 | D        | Noticed a meat berserker
   126 | D        | Killed a meat berserker
   127 | D        | Noticed a bag of meat
   128 | D        | Killed a meat berserker
   128 | D        | Killed a meat berserker
   128 | D        | Killed a sculptor of flesh
   129 | D        | Noticed a bag of meat
   130 | D        | Noticed a fleshlord
   130 | D        | Noticed a meat berserker
   130 | D        | Noticed a fleshlord
   130 | D        | Noticed a dread
   130 | D        | Killed a bag of meat
   131 | D        | Noticed a bag of meat
   131 | D        | Killed a meat berserker
   132 | D        | Noticed a destroyer
   132 | D        | Noticed an observer
   132 | D        | Noticed a meat berserker
   132 | D        | Noticed a bag of meat
   132 | D        | Noticed a bag of meat
   132 | D        | Noticed a bag of meat
   132 | D        | Noticed a bag of meat
   132 | D        | Noticed a destroyer
   132 | D        | Noticed a destroyer
   133 | D        | Noticed a bag of meat
   133 | D        | Noticed a dread
   133 | D        | Killed a bag of meat
   133 | D        | Killed a bag of meat
   134 | D        | Noticed a bag of meat
   134 | D        | Noticed a bag of meat
   134 | D        | Noticed a meat beast
   134 | D        | Noticed a bag of meat
   134 | D        | Killed a fleshlord
   134 | D        | Killed a bag of meat
   135 | D        | Noticed a meat berserker
   135 | D        | Noticed a meat berserker
   135 | D        | Killed a destroyer
   136 | D        | Noticed a meat beast
   136 | D        | Noticed a meat berserker
   136 | D        | Noticed a destroyer
   136 | D        | Noticed a bag of meat
   136 | D        | Noticed a wretched soul
   137 | D        | Noticed a large bag of meat
   137 | D        | Noticed a meat beast
   137 | D        | Killed a meat beast
   137 | D        | Killed a dread
   138 | D        | Killed a meat berserker
   138 | D        | Killed a dread
   138 | D        | Killed a fleshlord
   139 | D        | Noticed a meat berserker
   139 | D        | Noticed an observer
   139 | D        | Noticed a meat berserker
   140 | D        | Killed a bag of meat
   140 | D        | Killed an observer
   140 | D        | Killed a meat beast
   141 | D        | Killed a destroyer
   141 | D        | Killed a meat berserker
   141 | D        | Killed a meat berserker
   141 | D        | Killed a destroyer
   142 | D        | Noticed a bag of meat
   142 | D        | Noticed a bag of meat
   142 | D        | Killed a bag of meat
   143 | D        | Noticed a bag of meat
   143 | D        | Killed a meat berserker
   143 | D        | Killed a meat beast
   143 | D        | Noticed a bag of meat
   143 | D        | Noticed a fleshlord
   144 | D        | Killed a wretched soul
   145 | D        | Noticed a dread
   145 | D        | Killed a bag of meat
   145 | D        | Killed an observer
   146 | D        | Noticed a bag of meat
   146 | D        | Noticed a bag of meat
   146 | D        | Killed a meat berserker
   147 | D        | Killed a bag of meat
   148 | D        | Killed a bag of meat
   148 | D        | Killed a large bag of meat
   149 | D        | Noticed a destroyer
   149 | D        | Noticed a meat berserker
   149 | D        | Killed a bag of meat
   150 | D        | Noticed a destroyer
   150 | D        | Killed a bag of meat
   150 | D        | Killed a bag of meat
   151 | D        | Killed a meat berserker
   151 | D        | Killed a bag of meat
   152 | D        | Killed a bag of meat
   152 | D        | Killed a destroyer
   152 | D        | Killed a bag of meat
   153 | D        | Noticed a dread
   153 | D        | Killed a bag of meat
   154 | D        | Noticed a destroyer
   154 | D        | Killed a bag of meat
   154 | D        | Killed a dread
   155 | D        | Killed a destroyer
   155 | D        | Killed a destroyer
   155 | D        | Killed a fleshlord
   156 | D        | Noticed a bag of meat
   156 | D        | Killed a meat berserker
   156 | D        | Killed a bag of meat
   157 | D        | Noticed a meat beast
   157 | D        | Noticed a bag of meat
   157 | D        | Noticed a fleshlord
   157 | D        | Noticed a fleshlord
   157 | D        | Killed a bag of meat
   157 | D        | Killed a meat beast
   158 | D        | Noticed a meat berserker
   158 | D        | Noticed a wretched soul
   158 | D        | Noticed an accursed
   158 | D        | Noticed a bag of meat
   159 | D        | Noticed a meat beast
   159 | D        | Noticed a fleshlord
   159 | D        | Noticed a meat berserker
   159 | D        | Killed a destroyer
   159 | D        | Killed a dread
   160 | D        | Noticed a tyrant
   160 | D        | Noticed a meat berserker
   160 | D        | Noticed a dread
   160 | D        | Killed a meat beast
   161 | D        | Killed a meat berserker
   162 | D        | Noticed a destroyer
   162 | D        | Killed a fleshlord
   162 | D        | Killed a bag of meat
   164 | D        | Noticed a bag of meat
   164 | D        | Noticed a meat berserker
   164 | D        | Killed a fleshlord
   164 | D        | Killed a bag of meat
   165 | D        | Noticed a bag of meat
   165 | D        | Killed a meat berserker
   165 | D        | Killed a meat berserker
   166 | D        | Killed a destroyer
   167 | D        | Noticed a meat beast
   167 | D        | Noticed a dread
   167 | D        | Killed a fleshlord
   167 | D        | Killed a wretched soul
   167 | D        | Noticed a fleshlord
   168 | D        | Killed a dread
   169 | D        | Killed a meat beast
   170 | D        | Noticed a dread
   170 | D        | Killed a tyrant
   170 | D        | Killed a meat berserker
   170 | D        | Killed a bag of meat
   171 | D        | Killed a bag of meat
   173 | D        | Killed a dread
   174 | D        | Noticed a fleshlord
   174 | D        | Killed a dread
   177 | D        | Killed a fleshlord
   178 | D        | Killed a bag of meat
   181 | D        | Killed a fleshlord
   183 | D        | Killed an accursed
   184 | D        | Noticed a wretched soul
   185 | D        | Noticed a dread
   187 | D        | Killed a wretched soul
   189 | D        | Noticed a meat berserker
   190 | D        | Noticed a meat beast
   190 | D        | Noticed a fleshlord
   190 | D        | Killed a dread
   191 | D        | Noticed a meat berserker
   191 | D        | Noticed a tyrant
   191 | D        | Noticed a meat beast
   191 | D        | Noticed an observer
   192 | D        | Noticed a bag of meat
   192 | D        | Noticed an observer
   192 | D        | Noticed a dread
   192 | D        | Killed a meat beast
   192 | D        | Killed a meat berserker
   192 | D        | Noticed a bag of meat
   193 | D        | Noticed an observer
   193 | D        | Noticed a bag of meat
   194 | D        | Noticed a bag of meat
   194 | D        | Noticed a tyrant
   194 | D        | Noticed a fleshlord
   194 | D        | Killed a meat beast
   194 | D        | Killed a meat berserker
   194 | D        | Killed a fleshlord
   195 | D        | Killed an observer
   196 | D        | Noticed a fleshlord
   196 | D        | Noticed a fleshlord
   196 | D        | Noticed a meat berserker
   196 | D        | Noticed an observer
   196 | D        | Killed a dread
   196 | D        | Killed an observer
   196 | D        | Killed a fleshlord
   197 | D        | Killed an observer
   199 | D        | Noticed a destroyer
   199 | D        | Killed a tyrant
   199 | D        | Killed a bag of meat
   199 | D        | Annihilated by a fleshlord

Vault maps used:
D:        meatsprint

Action                   |  1- 3 |  4- 6 |  7- 9 | 10-12 | 13-15 | 16-18 | 19-21 | 22-24 | 25-27 || total
-------------------------+-------+-------+-------+-------+-------+-------+-------+-------+-------++-------
Melee: Executioner's axe |     1 |       |       |       |     3 |     4 |     1 |     5 |   111 ||   125
